SA
YELLOWKNIFE DRAGONBLOOD @ ATHLETIC CLUB KC U-24
07/18/2034
 
TOP OF THE 1ST
Yellowknife Dragonblood batting - Pitching for Athletic Club KC U-24 : RHP Jorge Moreno
Pitching: RHP Jorge Moreno
Batting: LHB Jorge Castillo 0-0: Called Strike
0-1: Foul Ball, location: 2F
0-2: Strikes out swinging
Batting: RHB Ricardo Mireles 0-0: Ball
1-0: Foul Ball, location: 2F
1-1: Ball
2-1: Ground out 6-3 (Groundball, 6)
Batting: RHB Jeff Reed 0-0: Ball
1-0: Foul Ball, location: 2F
1-1: Ball
2-1: Swinging Strike
2-2: Fly out, F9 (Flyball, 9LM)
Top of the 1st over - 0 runs, 0 hits, 0 errors, 0 left on base; Yellowknife 0 - Athletic Club KC 0
BOTTOM OF THE 1ST
Athletic Club KC U-24 batting - Pitching for Yellowknife Dragonblood : LHP Sergio Gallegos
Pitching: LHP Sergio Gallegos
Batting: RHB Woody Thomas 0-0: Called Strike
0-1: Foul Ball, location: 2F
0-2: Ball
1-2: Ball
2-2: Fly out, F9 (Flyball, 9LS)
Batting: RHB Bobby McFillin 0-0: Ball
1-0: Ball
2-0: Called Strike
2-1: Fly out, F9 (Flyball, 9LD)
Batting: RHB Andy Roarick 0-0: Called Strike
0-1: Ball
1-1: Called Strike
1-2: Strikes out looking
Bottom of the 1st over - 0 runs, 0 hits, 0 errors, 0 left on base; Yellowknife 0 - Athletic Club KC 0
TOP OF THE 2ND
Yellowknife Dragonblood batting - Pitching for Athletic Club KC U-24 : RHP Jorge Moreno
Batting: RHB Cristo Cuervo 0-0: Foul Ball, location: 2F
0-1: Foul Ball, location: 2F
0-2: Ball
1-2: Strikes out swinging
Batting: RHB Leonard Carroll 0-0: Ball
1-0: Swinging Strike
1-1: Swinging Strike
1-2: Ball
2-2: Foul Ball, location: 2F
2-2: Strikes out swinging
Batting: SHB Jim Dunleavy 0-0: Foul Ball, location: 2F
0-1: Ball
1-1: Ball
2-1: Foul Ball, location: 2F
2-2: SINGLE (Groundball, 34D)
Batting: RHB John Ryan Pickoff Throw to First - Error! E1
Jim Dunleavy to second
0-0: Foul Ball, location: 2F
0-1: Swinging Strike
0-2: Ball
1-2: Ball
2-2: Strikes out swinging
Top of the 2nd over - 0 runs, 1 hit, 1 error, 1 left on base; Yellowknife 0 - Athletic Club KC 0
BOTTOM OF THE 2ND
Athletic Club KC U-24 batting - Pitching for Yellowknife Dragonblood : LHP Sergio Gallegos
Batting: RHB Gabriel Camparán 0-0: Called Strike
0-1: Ball
1-1: Ball
2-1: Called Strike
2-2: Foul Ball, location: 2F
2-2: Ball
3-2: Ground out 6-3 (Groundball, 6)
Batting: LHB León Guillén 0-0: Ball
1-0: Hit by Pitch
Batting: RHB Rafael Cortéz 0-0: Ball
1-0: Ball
2-0: Called Strike
2-1: Ball
3-1: Base on Balls
León Guillén to second
Batting: RHB Domingo Zamora 0-0: Grounds into double play, 6-4-3 (Groundball, 6)
Bottom of the 2nd over - 0 runs, 0 hits, 0 errors, 1 left on base; Yellowknife 0 - Athletic Club KC 0
TOP OF THE 3RD
Yellowknife Dragonblood batting - Pitching for Athletic Club KC U-24 : RHP Jorge Moreno
Batting: RHB Sergio Aguero 0-0: Foul Ball, location: 2F
0-1: Foul Ball, location: 2F
0-2: Ball
1-2: Strikes out swinging
Batting: SHB Clifford Johnson 0-0: Ground out 3-1 (Groundball, 34S)
Batting: LHB Jorge Castillo 0-0: Ball
1-0: Foul Ball, location: 2F
1-1: Swinging Strike
1-2: Foul Ball, location: 2F
1-2: Ball
2-2: SINGLE (Groundball, 4) (infield hit)
Batting: RHB Ricardo Mireles 0-0: Ball
1-0: Foul Ball, location: 2F
1-1: Called Strike
1-2: Strikes out swinging
Top of the 3rd over - 0 runs, 1 hit, 0 errors, 1 left on base; Yellowknife 0 - Athletic Club KC 0
BOTTOM OF THE 3RD
Athletic Club KC U-24 batting - Pitching for Yellowknife Dragonblood : LHP Sergio Gallegos
Batting: RHB Elias Klomp 0-0: Ball
1-0: Swinging Strike
1-1: DOUBLE (Line Drive, 5D)
Batting: RHB Miguel Gómez 0-0: Ball
1-0: Ball
2-0: Fly out, F6 (Line Drive, 56D)
Lined into DP, 6-4 (Line Drive, 56D)
Batting: RHB Woody Thomas 0-0: Called Strike
0-1: Ball
1-1: Reached on error, E3 (Groundball, 34)
Batting: RHB Bobby McFillin 0-0: Ball
1-0: Swinging Strike
1-1: Ball
2-1: Ball
3-1: Base on Balls
Woody Thomas to second
Batting: RHB Andy Roarick 0-0: Called Strike
0-1: Ball
1-1: Fly out, F9 (Flyball, 9D)
Bottom of the 3rd over - 0 runs, 1 hit, 1 error, 2 left on base; Yellowknife 0 - Athletic Club KC 0
TOP OF THE 4TH
Yellowknife Dragonblood batting - Pitching for Athletic Club KC U-24 : RHP Jorge Moreno
Batting: RHB Jeff Reed 0-0: Called Strike
0-1: Swinging Strike
0-2: Strikes out swinging
Batting: RHB Cristo Cuervo 0-0: Ball
1-0: Foul Ball, location: 2F
1-1: Called Strike
1-2: Ground out 6-3 (Groundball, 56)
Batting: RHB Leonard Carroll 0-0: SINGLE (Line Drive, 7LS)
Batting: SHB Jim Dunleavy 0-0: Called Strike
0-1: Ball
1-1: SINGLE (Flyball, 78M)
Leonard Carroll to second
Batting: RHB John Ryan 0-0: Called Strike
0-1: Ball
1-1: Ball
2-1: Foul Ball, location: 2F
2-2: Fly out, F8 (Flyball, 8LS)
Top of the 4th over - 0 runs, 2 hits, 0 errors, 2 left on base; Yellowknife 0 - Athletic Club KC 0
BOTTOM OF THE 4TH
Athletic Club KC U-24 batting - Pitching for Yellowknife Dragonblood : LHP Sergio Gallegos
Batting: RHB Gabriel Camparán 0-0: Called Strike
0-1: Foul Ball, location: 2F
0-2: Ball
1-2: SINGLE (Groundball, 56S) (infield hit)
Batting: LHB León Guillén 0-0: Ball
1-0: Called Strike
1-1: Fly out, F9 (Flyball, 9LS)
Batting: RHB Rafael Cortéz 0-0: Ball
1-0: Fly out, F7 (Line Drive, 78M)
Batting: RHB Domingo Zamora 0-0: Called Strike
0-1: Called Strike
0-2: Strikes out swinging
Bottom of the 4th over - 0 runs, 1 hit, 0 errors, 1 left on base; Yellowknife 0 - Athletic Club KC 0
TOP OF THE 5TH
Yellowknife Dragonblood batting - Pitching for Athletic Club KC U-24 : RHP Jorge Moreno
Batting: RHB Sergio Aguero 0-0: Ball
1-0: Called Strike
1-1: Ball
2-1: Called Strike
2-2: Foul Ball, location: 2F
2-2: Foul Ball, location: 2F
2-2: Strikes out swinging
Batting: SHB Clifford Johnson 0-0: Called Strike
0-1: Ball
1-1: Foul Ball, location: 2F
1-2: Strikes out swinging
Batting: LHB Jorge Castillo 0-0: Called Strike
0-1: Hit by Pitch
Batting: RHB Ricardo Mireles 0-0: Ball
1-0: Ball
Jorge Castillo steals 2nd base
2-0: Ball
3-0: Base on Balls
Batting: RHB Jeff Reed 0-0: Fielders Choice at 2nd, 5-4 (Groundball, 56)
Top of the 5th over - 0 runs, 0 hits, 0 errors, 2 left on base; Yellowknife 0 - Athletic Club KC 0
BOTTOM OF THE 5TH
Athletic Club KC U-24 batting - Pitching for Yellowknife Dragonblood : LHP Sergio Gallegos
Batting: RHB Elias Klomp 0-0: Reached on error, E6 (Groundball, 6S)
Batting: RHB Miguel Gómez 0-0: Ball
1-0: Foul Ball, location: 2F
1-1: Ball
2-1: Swinging Strike
2-2: Foul Ball, location: 2F
2-2: Strikes out swinging
Batting: RHB Woody Thomas 0-0: Swinging Strike
0-1: Ball
1-1: Called Strike
1-2: Strikes out swinging
Batting: RHB Bobby McFillin 0-0: Ball
1-0: Called Strike
1-1: Ball
2-1: Ball
3-1: Foul Ball, location: 2F
3-2: Strikes out swinging
Bottom of the 5th over - 0 runs, 0 hits, 1 error, 1 left on base; Yellowknife 0 - Athletic Club KC 0
TOP OF THE 6TH
Yellowknife Dragonblood batting - Pitching for Athletic Club KC U-24 : RHP Jorge Moreno
Batting: RHB Cristo Cuervo 0-0: Ball
1-0: Ball
2-0: Swinging Strike
2-1: SOLO HOME RUN (Flyball, 7LD), Distance : 353 ft
Batting: RHB Leonard Carroll 0-0: Ball
1-0: Foul Ball, location: 2F
1-1: Ground out 5-3 (Groundball, 56S)
Batting: SHB Jim Dunleavy 0-0: Called Strike
0-1: Ball
1-1: Foul Ball, location: 2F
1-2: Ball
2-2: Ball
3-2: Strikes out swinging
Batting: RHB John Ryan 0-0: Ball
1-0: Called Strike
1-1: SOLO HOME RUN (Flyball, 7D), Distance : 383 ft
Batting: RHB Sergio Aguero 0-0: Swinging Strike
0-1: Ball
1-1: Swinging Strike
1-2: Fly out, F8 (Flyball, 8RD)
Top of the 6th over - 2 runs, 2 hits, 0 errors, 0 left on base; Yellowknife 2 - Athletic Club KC 0
BOTTOM OF THE 6TH
Athletic Club KC U-24 batting - Pitching for Yellowknife Dragonblood : LHP Sergio Gallegos
Batting: RHB Andy Roarick 0-0: Ball
1-0: Ball
2-0: Foul Ball, location: 2F
2-1: Ball
3-1: Base on Balls
Batting: RHB Gabriel Camparán 0-0: Called Strike
0-1: Swinging Strike
0-2: Ball
1-2: Foul Ball, location: 2F
1-2: Strikes out looking
Batting: LHB León Guillén 0-0: Ball
1-0: Ball
2-0: Swinging Strike
2-1: Foul Ball, location: 2F
2-2: SINGLE (Groundball, 56D)
Andy Roarick to second
Batting: RHB Rafael Cortéz 0-0: Called Strike
Andy Roarick steals 3rd base
León Guillén to second
0-1: Ball
1-1: Ball
2-1: SINGLE (Line Drive, 7S)
Andy Roarick scores
León Guillén to third
Batting: RHB Domingo Zamora 0-0: Called Strike
0-1: Foul Ball, location: 2F
0-2: Ball
1-2: Ball
2-2: Foul Ball, location: 2F
2-2: Ball
3-2: SINGLE (Line Drive, 8LS)
León Guillén scores
Rafael Cortéz to second
Batting: RHB Elias Klomp 0-0: Called Strike
0-1: Ball
1-1: Ball
2-1: Ball
3-1: DOUBLE (Groundball, 5L)
Rafael Cortéz scores
Domingo Zamora to third
Pitching: RHP Chris Douglas
Batting: RHB Miguel Gómez 0-0: Called Strike
0-1: Called Strike
0-2: DOUBLE (Flyball, 9D)
Domingo Zamora scores
Elias Klomp scores
Batting: RHB Woody Thomas 0-0: Called Strike
0-1: Foul Ball, location: 2F
0-2: Foul Ball, location: 2F
0-2: Strikes out looking
Batting: RHB Bobby McFillin 0-0: Called Strike
0-1: Ball
1-1: Ball
2-1: Foul Ball, location: 2F
2-2: Ground out 4-3 (Groundball, 4S)
Bottom of the 6th over - 5 runs, 5 hits, 0 errors, 1 left on base; Yellowknife 2 - Athletic Club KC 5
TOP OF THE 7TH
Yellowknife Dragonblood batting - Pitching for Athletic Club KC U-24 : RHP Jorge Moreno
Pitching: RHP Pat Cox
Batting: SHB Clifford Johnson 0-0: Ball
1-0: Fly out, F7 (Flyball, 7LSF)
Batting: LHB Jorge Castillo 0-0: Ball
1-0: Ball
2-0: Called Strike
2-1: DOUBLE (Line Drive, 9D)
Batting: RHB Ricardo Mireles 0-0: Ball
1-0: Called Strike
1-1: Called Strike
1-2: Foul Ball, location: 2F
1-2: Foul Ball, location: 2F
1-2: Strikes out swinging
Batting: RHB Jeff Reed 0-0: Called Strike
0-1: Ball
1-1: Swinging Strike
1-2: Foul Ball, location: 2F
1-2: Strikes out looking
Top of the 7th over - 0 runs, 1 hit, 0 errors, 1 left on base; Yellowknife 2 - Athletic Club KC 5
BOTTOM OF THE 7TH
Athletic Club KC U-24 batting - Pitching for Yellowknife Dragonblood : RHP Chris Douglas
Batting: RHB Andy Roarick 0-0: Fly out, F9 (Flyball, 9LSF)
Batting: RHB Gabriel Camparán 0-0: Ball
1-0: Called Strike
1-1: Ball
2-1: Foul Ball, location: 2F
2-2: Fly out, F9 (Flyball, 9)
Batting: LHB León Guillén 0-0: Foul Ball, location: 2F
0-1: Ball
1-1: Called Strike
1-2: Strikes out swinging
Bottom of the 7th over - 0 runs, 0 hits, 0 errors, 0 left on base; Yellowknife 2 - Athletic Club KC 5
TOP OF THE 8TH
Yellowknife Dragonblood batting - Pitching for Athletic Club KC U-24 : RHP Pat Cox
Now at C: Fu Chen
Batting: RHB Cristo Cuervo 0-0: Ball
1-0: Ball
2-0: Swinging Strike
2-1: Foul Ball, location: 2F
2-2: Foul Ball, location: 2F
2-2: Ball
3-2: Base on Balls
Batting: RHB Leonard Carroll 0-0: Ball
1-0: Called Strike
1-1: SINGLE (Groundball, 56D)
Cristo Cuervo to second
Batting: SHB Jim Dunleavy 0-0: Ball
1-0: Called Strike
1-1: Ball
2-1: Foul Ball, location: 2F
2-2: Foul Ball, location: 2F
2-2: Strikes out swinging
Batting: RHB John Ryan 0-0: Called Strike
0-1: Foul Ball, location: 2F
0-2: Strikes out swinging
Batting: RHB Sergio Aguero 0-0: Called Strike
0-1: Ball
1-1: SINGLE (Groundball, 6D)
Cristo Cuervo to third
Leonard Carroll to second
Runner from 3rd tries for Home, SAFE, no throw
Pinch Hitting: RHB Loring Rommel 0-0: Ball
1-0: Ball
2-0: DOUBLE (Line Drive, 78D)
Leonard Carroll scores
Sergio Aguero to third
Runner from 3rd tries for Home, SAFE, no throw
Pitching: LHP Eduardo Sandoval
Pinch Hitting: RHB Cruz Orneleas 0-0: Called Strike
0-1: Ball
1-1: Foul Ball, location: 2F
1-2: Ball
2-2: Foul Ball, location: 2F
2-2: Ball
3-2: Strikes out swinging
Top of the 8th over - 3 runs, 3 hits, 0 errors, 1 left on base; Yellowknife 5 - Athletic Club KC 5
BOTTOM OF THE 8TH
Athletic Club KC U-24 batting - Pitching for Yellowknife Dragonblood : RHP Chris Douglas
Now at 1B: Jack Cobb
Now at 3B: Paul Graves
Batting: RHB Rafael Cortéz 0-0: Called Strike
0-1: Foul Ball, location: 2F
0-2: Strikes out swinging
Batting: RHB Domingo Zamora 0-0: Ball
1-0: SINGLE (Line Drive, 4M)
Batting: RHB Elias Klomp 0-0: Foul Ball, location: 2F
0-1: Grounds into double play, 6-4-3 (Groundball, 6)
Bottom of the 8th over - 0 runs, 1 hit, 0 errors, 0 left on base; Yellowknife 5 - Athletic Club KC 5
TOP OF THE 9TH
Yellowknife Dragonblood batting - Pitching for Athletic Club KC U-24 : LHP Eduardo Sandoval
Pitching: RHP Ozamataz Buckshank
Batting: RHB Ricardo Mireles 0-0: Ball
1-0: Ball
2-0: Foul Ball, location: 2F
2-1: Ground out 6-3 (Groundball, 6)
Batting: RHB Jeff Reed 0-0: Ball
1-0: Fly out, F8 (Flyball, 8LD)
Batting: RHB Cristo Cuervo 0-0: Swinging Strike
0-1: Ball
1-1: Swinging Strike
1-2: Strikes out swinging
Top of the 9th over - 0 runs, 0 hits, 0 errors, 0 left on base; Yellowknife 5 - Athletic Club KC 5
BOTTOM OF THE 9TH
Athletic Club KC U-24 batting - Pitching for Yellowknife Dragonblood : RHP Chris Douglas
Pitching: RHP Billy Sipple
Batting: RHB Miguel Gómez 0-0: Swinging Strike
0-1: Foul Ball, location: 2F
0-2: Fly out, F7 (Flyball, 78M)
Now in LF: Bill Boyd
Batting: RHB Woody Thomas 0-0: Ball
1-0: Fly out, F9 (Flyball, 9S)
Batting: RHB Fu Chen 0-0: Ball
1-0: Called Strike
1-1: Ball
2-1: Ball
3-1: Base on Balls
Batting: RHB Andy Roarick 0-0: Foul Ball, location: 2F
0-1: Foul Ball, location: 2F
0-2: Ball
1-2: Ball
2-2: Strikes out swinging
Bottom of the 9th over - 0 runs, 0 hits, 0 errors, 1 left on base; Yellowknife 5 - Athletic Club KC 5
TOP OF THE 10TH
Yellowknife Dragonblood batting - Pitching for Athletic Club KC U-24 : RHP Ozamataz Buckshank
Batting: RHB Leonard Carroll 0-0: Ball
1-0: Ball
2-0: Called Strike
2-1: Ball
3-1: Base on Balls
Batting: SHB Jim Dunleavy 0-0: Sac Bunt - play at first, batter OUT! 5-4
Leonard Carroll to second
Batting: RHB Bill Boyd 0-0: Intentional Walk
Batting: RHB Sergio Aguero 0-0: SINGLE (Line Drive, 78S)
Leonard Carroll to third
Bill Boyd to second
Runner from 3rd tries for Home, SAFE, throw made home
Batting: SHB Paul Graves 0-0: Ball
1-0: Ball
2-0: Called Strike
2-1: Swinging Strike
2-2: Ball
3-2: Ground out U3 (Groundball, 3)
Bill Boyd to third
Sergio Aguero to second
Batting: RHB Jack Cobb 0-0: Swinging Strike
0-1: Ball
1-1: Swinging Strike
1-2: Ball
2-2: Foul Ball, location: 2F
2-2: Ball
3-2: Foul Ball, location: 2F
3-2: Foul Ball, location: 2F
3-2: Foul Ball, location: 2F
3-2: 3-RUN HOME RUN (Flyball, 78XD), Distance : 434 ft
Pitching: RHP Donald Higgins
Batting: RHB Ricardo Mireles 0-0: Ball
1-0: Foul Ball, location: 2F
1-1: Ball
2-1: SINGLE (Flyball, 9S)
Batting: RHB Jeff Reed 0-0: Foul Ball, location: 2F
0-1: Ball
1-1: Fly out, F5 (Popup, 56)
Top of the 10th over - 4 runs, 3 hits, 0 errors, 1 left on base; Yellowknife 9 - Athletic Club KC 5
BOTTOM OF THE 10TH
Athletic Club KC U-24 batting - Pitching for Yellowknife Dragonblood : RHP Billy Sipple
Batting: RHB Gabriel Camparán 0-0: Ball
1-0: Foul Ball, location: 2F
1-1: Called Strike
1-2: Foul Ball, location: 2F
1-2: Strikes out looking
Batting: LHB León Guillén 0-0: DOUBLE (Line Drive, 3D)
Batting: RHB Rafael Cortéz 0-0: Ball
Passed Ball!
León Guillén to third
1-0: Called Strike
1-1: Foul Ball, location: 2F
1-2: Ball
2-2: Fly out, F6 (Popup, P)
Batting: RHB Domingo Zamora 0-0: Ball
1-0: Called Strike
1-1: Ball
2-1: Foul Ball, location: 2F
2-2: Strikes out swinging
Bottom of the 10th over - 0 runs, 1 hit, 0 errors, 1 left on base; Yellowknife 9 - Athletic Club KC 5
Friday, March 29th, 2019 - OOTP Baseball 18.8 Build 76